 Dungeon Crawl Stone Soup version 0.20.0-15-g7f486f2 (webtiles) character file.

24011 Ios the Unseen (level 12, -13/62 HPs)
             Began as a Spriggan Enchanter on June 10, 2017.
             Was a High Priest of Dithmenos.
             Engulfed by an ice statue's freezing vapour (27 damage)
             ... in an ice cave.
             The game lasted 00:54:51 (17990 turns).

Ios the Unseen (Spriggan Enchanter)                Turns: 17990, Time: 00:54:52

Health: -13/62     AC:  6    Str:  6    XL:     12   Next: 76%
Magic:  25/27      EV: 30    Int: 21    God:    Dithmenos [*****.]
Gold:   285        SH:  0    Dex: 21    Spells: 13/31 levels left

rFire    . . .     SeeInvis +   a - +6 dagger (drain)
rCold    . . .     Gourm    .   (shield restricted)
rNeg     + + .     Faith    .   I - +2 robe {rN+}
rPois    .         Spirit   .   F - +0 hat
rElec    .         Reflect  .   o - +2 cloak
rCorr    .         Harm     .   (gloves unavailable)
MR       ++...                  (boots unavailable)
Stlth    ++++++++++             (no amulet)
Regen    0.2/turn               u - +4 ring of intelligence
MPRegen  0.2/turn               A - ring of positive energy

@: very slightly contaminated, wreathed by umbra, invisible, very quick
A: unfitting armour, see invisible, agile 1, deformed body, herbivore 3, speed
3, slow metabolism 2
a: Shadow Step, Shadow Form, Renounce Religion


You were in an ice cave.
You worshipped Dithmenos.
Dithmenos was extremely pleased with you.
You were not hungry.

You visited 2 branches of the dungeon, and saw 12 of its levels.
You also visited: Ossuary, Bailey and Ice Cave.

You collected 666 gold pieces.
You spent 381 gold pieces at shops.

Inventory:

Hand Weapons
 a - a +6 dagger of draining (weapon)
 l - a +1 dagger of venom
 E - a +0 demon trident of electrocution
Missiles
 j - a throwing net (quivered)
Armour
 o - a +2 cloak (worn)
 F - a +0 hat (worn)
 G - a scarf of resistance
 I - a +2 robe of positive energy (worn)
Jewellery
 g - an uncursed ring of ice
 m - a +3 ring of intelligence
 u - a +4 ring of intelligence (left hand)
 A - a ring of positive energy (right hand)
Wands
 b - a wand of lightning (8/15)
 y - a wand of polymorph (9/24)
 H - a wand of acid (5/15)
 O - a wand of digging (16/24)
Scrolls
 f - 3 scrolls of fog
 i - 2 scrolls of recharging
 k - a scroll of blinking
 n - 3 scrolls of remove curse
 p - 4 scrolls of amnesia
 s - 8 scrolls of teleportation
 x - 2 scrolls of magic mapping
 J - 2 scrolls of fear
Potions
 e - 8 potions of curing
 h - a potion of ambrosia
 q - 2 potions of resistance {unknown}
 r - 3 potions of haste
 t - 2 potions of cancellation {unknown}
 v - a potion of invisibility {unknown}
 w - 2 potions of brilliance {unknown}
 z - 3 potions of lignification
 B - a potion of might {unknown}
 C - 3 potions of flight
 K - a potion of agility
Books
 c - a book of Maledictions

   Spells                             Type                      Level
   a - Corona                         Hexes                        1
   b - Ensorcelled Hibernation        Hexes/Ice                    2
   c - Confuse                        Hexes                        3
   d - Tukima's Dance                 Hexes                        3
   e - Dazzling Spray                 Conjuration/Hexes            3
 D - a book of Conjurations

   Spells                             Type                      Level
   a - Magic Dart                     Conjuration                  1
   b - Searing Ray                    Conjuration                  2
   c - Dazzling Spray                 Conjuration/Hexes            3
   d - Fulminant Prism                Conjuration/Hexes            4
   e - Force Lance                    Conjuration/Translocation    4
   f - Iskenderun's Mystic Blast      Conjuration                  4
 M - a book of Party Tricks

   Spells                             Type                      Level
   a - Summon Butterflies             Summoning                    1
   b - Apportation                    Translocation                1
   c - Lesser Beckoning               Translocation                3
   d - Tukima's Dance                 Hexes                        3
   e - Alistair's Intoxication        Transmutation/Poison         5
   f - Invisibility                   Hexes                        6
 N - a Young Poisoner's Handbook

   Spells                             Type                      Level
   a - Sting                          Conjuration/Poison           1
   b - Poisonous Vapours              Poison/Air                   2
   c - Mephitic Cloud                 Conjuration/Poison/Air       3
   d - Olgreb's Toxic Radiance        Poison                       4
   e - Venom Bolt                     Conjuration/Poison           5
Comestibles
 d - 7 bread rations
 L - a royal jelly


   Skills:
 + Level 6.8 Fighting
 + Level 9.1 Short Blades
 + Level 11.8 Dodging
 + Level 17.0 Stealth
 + Level 10.2 Spellcasting
 + Level 10.9 Hexes


You had 13 spell levels left.
You knew the following spells:

 Your Spells              Type           Power        Failure   Level  Hunger
a - Ensorcelled Hibernat  Hex/Ice        ####..       1%          2    None
b - Corona                Hex            ######.      1%          1    None
c - Confuse               Hex            ######..     1%          3    None
d - Tukima's Dance        Hex            ######..     1%          3    None
e - Dazzling Spray        Conj/Hex       ####..       1%          3    None
h - Invisibility          Hex            ######..     11%         6    ######.


Dungeon Overview and Level Annotations

Branches:
Dungeon (11/15)            Temple (1/1) D:4             Orc (0/2) D:9
   Lair: D:8-11

Altars:
Ashenzari
Cheibriados
Dithmenos
Elyvilon
Fedhas
Gozag
Hepliaklqana
Kikubaaqudgha
Makhleb
Nemelex Xobeh
Okawaru
Qazlal
Ru
Sif Muna
Trog
Uskayaw
Vehumet
Xom
Yredelemnul
Zin
The Shining One
Beogh

Shops:
D:4 =   D:5 *   D:7 =?*=

Annotations:
IceCv exclusion: ice statue


Innate Abilities, Weirdness & Mutations

You are very small and have problems with some larger weapons.
You are too small for most types of armour.
You have supernaturally acute eyesight. (SInv)
You are a herbivore.
You cover ground extremely quickly.
You need consume almost no food.
You are agile. (Dex +2)
Armour fits poorly on your strangely shaped body.


Message History

You are too injured to fight recklessly!
You are too injured to fight recklessly!
You are too injured to fight recklessly!
You are too injured to fight recklessly!
You are too injured to fight recklessly!
You hit the ice statue but do no damage.
The ice statue is almost destroyed.
You are engulfed in freezing vapours.
You hit the ice statue but do no damage.
The ice statue is almost destroyed.
Your shadow hits the ice statue but does no damage.
You are engulfed in freezing vapours.
* * * LOW HITPOINT WARNING * * *
You hit the ice statue but do no damage.
The ice statue is almost destroyed.
Your shadow hits the ice statue but does no damage.
You are engulfed in freezing vapours.
* * * LOW HITPOINT WARNING * * *
You feel better.
You are engulfed in freezing vapours.
You die...

##......## ####
##........# ##..## ####
#.........#
#....#####..####.........
.......##....##..........
.∩.∩.......#.............
..........###............
#....##..## ###§§§......#
##..###### ##@§......#
#### #8§§.....##
##.§.....# ##.....##
#.....# ###..## .## ##


You could see an ice statue (unaware).

Vanquished Creatures
  The ghost of Naow the Cleaver, a novice MiBe of Trog (D:9)
  6 two-headed ogres
  The ghost of ciphuk the Swashbuckler, a journeyman KoBe of Trog (D:10)
  Erica (D:10)
  Urug (D:10)
  The ghost of Kriby the Cleaver, a novice HOFi of Ashenzari (D:7)
  An unseen horror (D:10)
  An orc knight (Bailey)
  The ghost of ciphuk the Slicer, a novice KoBe of Trog (D:5)
  Joseph (D:9)
  An ice statue (IceCv)
  A rime drake (IceCv)
  A troll (D:10)
  2 polar bears (D:11)
  3 hornets
  A hippogriff (D:8)
  A shadow (D:11)
  2 centaur simulacra (D:11)
  2 wyverns (D:8)
  12 yaks
  3 wraiths
  2 hungry ghosts
  A water moccasin (D:6)
  25 ice beasts
  A sky beast (D:11)
  21 orc warriors
  10 ogres
  5 black bears
  6 phantoms
  2 centaurs (D:8)
  3 big kobolds
  7 bullfrogs
  2 gnoll sergeants
  3 scorpions
  25 killer bees
  2 howler monkeys
  6 wights
  An electric eel (D:10)
  8 crimson imps
  A quasit (D:10)
  A jelly (D:7)
  3 orc priests
  2 bullfrog skeletons
  3 hounds
  9 orc wizards
  3 iguanas
  10 worker ants
  2 killer bee zombies (D:8)
  A bullfrog simulacrum (D:11)
  A mummy (D:5)
  A howler monkey zombie (D:7)
  A worker ant zombie (D:8)
  23 gnolls
  9 adders
  2 shadow imps
  A howler monkey simulacrum (D:11)
  A white imp (D:11)
  An ufetubus (D:11)
  An ooze (D:2)
  6 adder zombies
  An adder skeleton (D:6)
  A worm (D:2)
  2 dart slugs
  4 leopard geckos
  53 orcs
  6 bats
  4 giant cockroaches
  5 hobgoblins
  6 jackals
  11 kobolds
  4 quokkas
  2 frilled lizards (D:1)
  2 goblins
  A goblin zombie (D:5)
  3 hobgoblin skeletons (Ossuary)
  A hobgoblin zombie (D:5)
  A kobold zombie (Ossuary)
  An orc skeleton (Ossuary)
  A quokka zombie (D:5)
  10 rats
375 creatures vanquished.

Vanquished Creatures (collateral kills)
  A gnoll sergeant (D:10)
  2 gnolls
  An orc (D:4)
4 creatures vanquished.

Vanquished Creatures (others)
  4 dancing weapons
4 creatures vanquished.

Grand Total: 383 creatures vanquished

Notes
Turn   | Place    | Note
-------+----------+-------------------------------------------
     0 | D:1      | Ios the Spriggan Enchanter began the quest for the Orb.
     0 | D:1      | Reached XP level 1. HP: 9/9 MP: 5/5
   609 | D:1      | Reached XP level 2. HP: 13/13 MP: 5/7
   613 | D:1      | Learned a level 2 spell: Ensorcelled Hibernation
  1309 | D:1      | Reached XP level 3. HP: 16/16 MP: 1/9
  1487 | D:1      | Learned a level 3 spell: Confuse
  1491 | D:1      | Learned a level 3 spell: Tukima's Dance
  2728 | D:2      | Reached skill level 5 in Hexes
  2923 | D:2      | Reached XP level 4. HP: 21/21 MP: 11/11
  3114 | D:3      | Reached skill level 5 in Stealth
  3368 | D:3      | Reached skill level 6 in Stealth
  3374 | D:3      | Reached XP level 5. HP: 17/24 MP: 2/12
  4224 | D:4      | Noticed a phantom
  4247 | D:4      | Killed a phantom
  4247 | D:4      | Reached skill level 8 in Stealth
  4405 | D:4      | Found Buicraec's Jewellery Boutique.
  4416 | D:4      | Found a staircase to the Ecumenical Temple.
  4426 | D:4      | Reached XP level 6. HP: 28/28 MP: 10/13
  4428 | Temple   | Entered the Ecumenical Temple
  4594 | Temple   | Became a worshipper of Dithmenos the Shadowed
  4831 | D:4      | Found an ancient bone altar of Kikubaaqudgha.
  4833 | D:4      | Found a snail-covered altar of Cheibriados.
  4834 | D:4      | Found an iron altar of Okawaru.
  5251 | D:4      | Reached skill level 9 in Stealth
  5276 | D:5      | Entered Level 5 of the Dungeon
  5321 | D:5      | Found Nots's Assorted Antiques.
  5327 | D:5      | Bought a cloak for 121 gold pieces
  5352 | D:5      | Noticed ciphuk's ghost (novice KoBe)
  5360 | D:5      | Killed ciphuk's ghost
  5360 | D:5      | Reached skill level 12 in Stealth
  5360 | D:5      | Reached XP level 7. HP: 32/32 MP: 7/14
  5450 | D:5      | Found a sand-covered staircase.
  5452 | D:5      | Reached skill level 13 in Stealth
  5455 | Ossuary  | Entered an ossuary
  5631 | Ossuary  | Noticed a flying skull
  5631 | Ossuary  | Noticed a wraith
  5638 | Ossuary  | Noticed a flying skull
  5645 | Ossuary  | Reached * piety under Dithmenos
  5645 | Ossuary  | Reached XP level 8. HP: 36/36 MP: 15/15
  5670 | Ossuary  | Noticed a flying skull
  5676 | Ossuary  | Noticed a flying skull
  5881 | Ossuary  | Reached skill level 1 in Fighting
  6964 | D:5      | Reached skill level 5 in Spellcasting
  7513 | D:5      | Reached skill level 5 in Dodging
  7661 | D:6      | Reached XP level 9. HP: 42/42 MP: 18/18
  7686 | D:6      | Learned a level 3 spell: Dazzling Spray
  8885 | D:7      | Reached ** piety under Dithmenos
  8893 | D:7      | Noticed Kriby's ghost (novice HOFi)
  8920 | D:7      | Killed Kriby's ghost
  8920 | D:7      | Reached skill level 14 in Stealth
  9245 | D:7      | Found Zext's Magic Scroll Emporium.
  9460 | D:7      | Bought a scroll of brand weapon for 260 gold pieces
  9511 | D:7      | Found Ycackov's Jewellery Shop.
  9783 | D:7      | Found Uweih's General Store.
  9815 | D:7      | Reached skill level 5 in Short Blades
  9829 | D:7      | Found Qesoddy's Jewellery Emporium.
 10209 | D:7      | Reached XP level 10. HP: 49/49 MP: 17/21
 10764 | D:8      | Reached *** piety under Dithmenos
 11491 | D:8      | Noticed a two-headed ogre
 11536 | D:8      | Killed a two-headed ogre
 11536 | D:8      | Reached skill level 15 in Stealth
 11724 | D:9      | Noticed Naow's ghost (novice MiBe)
 11737 | D:9      | Killed Naow's ghost
 11961 | D:9      | Noticed Joseph
 12007 | D:9      | Killed Joseph
 12007 | D:9      | Reached XP level 11. HP: 40/54 MP: 19/24
 12516 | D:9      | Reached skill level 5 in Fighting
 12777 | D:9      | Reached **** piety under Dithmenos
 13051 | D:9      | Found a roughly hewn altar of Beogh.
 13051 | D:9      | Found a staircase to the Orcish Mines.
 13264 | D:9      | Gained mutation: Your mind is acute. (Int +2) [potion of mutation]
 13264 | D:9      | Gained mutation: Your magical capacity is low. (-10% MP) [potion of mutation]
 13264 | D:9      | Gained mutation: You are partially covered in yellow scales. (AC +2) [potion of mutation]
 13265 | D:9      | Lost mutation: Your magical capacity is low. (-10% MP) [potion of mutation]
 13265 | D:9      | Lost mutation: You are partially covered in yellow scales. (AC +2) [potion of mutation]
 13265 | D:9      | Gained mutation: Armour fits poorly on your strangely shaped body. [potion of mutation]
 13265 | D:9      | Lost mutation: Your mind is acute. (Int +2) [potion of mutation]
 13265 | D:9      | Gained mutation: You are agile. (Dex +2) [potion of mutation]
 13843 | D:10     | Entered Level 10 of the Dungeon
 13886 | D:10     | Noticed ciphuk's ghost (journeyman KoBe)
 13955 | D:10     | Found a flagged portal.
 13966 | Bailey   | Entered a bailey
 15162 | Bailey   | Noticed an orc knight
 15179 | Bailey   | Killed an orc knight
 15179 | Bailey   | Reached skill level 10 in Dodging
 15483 | D:10     | Killed ciphuk's ghost
 15483 | D:10     | Reached skill level 16 in Stealth
 15749 | D:10     | Noticed Erica
 15764 | D:10     | Killed Erica
 15856 | D:10     | Noticed a two-headed ogre
 15859 | D:10     | Killed a two-headed ogre
 15900 | D:10     | Noticed an unseen horror
 15902 | D:10     | Killed an unseen horror
 15912 | D:10     | Noticed a two-headed ogre
 15916 | D:10     | Killed a two-headed ogre
 15916 | D:10     | Reached XP level 12. HP: 60/60 MP: 26/26
 15934 | D:10     | Noticed a two-headed ogre
 15937 | D:10     | Killed a two-headed ogre
 15937 | D:10     | Reached skill level 10 in Hexes
 15961 | D:10     | Reached ***** piety under Dithmenos
 16680 | D:10     | Noticed Urug
 16698 | D:10     | Killed Urug
 17291 | D:11     | Noticed a two-headed ogre
 17298 | D:11     | Killed a two-headed ogre
 17344 | D:11     | Learned a level 6 spell: Invisibility
 17679 | D:11     | Noticed a two-headed ogre
 17683 | D:11     | Killed a two-headed ogre
 17683 | D:11     | Reached skill level 10 in Spellcasting
 17788 | D:11     | Found a frozen archway.
 17830 | IceCv    | Entered an ice cave
 17956 | IceCv    | Reached skill level 17 in Stealth
 17990 | IceCv    | Engulfed by an ice statue's freezing vapour

Skill      XL: |  1  2  3  4  5  6  7  8  9 10 11 12 |
---------------+-------------------------------------+-----
Spellcasting   | 3 4 5 6 8 9 10 | 10.2
Hexes          | 4 5 6 7 8 9 10 | 10.9
Stealth        | 6 8 12 13 14 15 16 17 | 17.0
Fighting       | 2 3 4 5 6 |  6.8
Short Blades   | 3 5 6 8 9 |  9.1
Dodging        | 5 6 9 10 11 | 11.8

Action                   |  1- 3 |  4- 6 |  7- 9 | 10-12 || total
-------------------------+-------+-------+-------+-------++-------
Melee: Dagger            |   113 |    59 |   359 |   844 ||  1375
 Cast: Corona            |     8 |       |       |       ||     8
       Ensorcelled Hiber |    23 |    18 |    40 |    41 ||   122
       Confuse           |     2 |     5 |    37 |    69 ||   113
       Tukima's Dance    |       |     1 |     8 |     6 ||    15
       Dazzling Spray    |       |       |       |     2 ||     2
       Invisibility      |       |       |       |     3 ||     3
  Use: Scroll            |       |    17 |     6 |     8 ||    31
       Potion            |       |       |     5 |     4 ||     9
 Stab: Sleeping          |    27 |    15 |    48 |   104 ||   194
       Confused          |       |     7 |    12 |    35 ||    54
       Distracted        |       |       |     1 |     3 ||     4
       Invisible         |       |       |       |    17 ||    17
  Eat: Bread ration      |     1 |       |     1 |       ||     2
       Fruit             |       |       |       |     3 ||     3
       Royal jelly       |       |       |       |     4 ||     4
Armor: Robe              |    19 |     5 |    20 |    34 ||    78
       Skin              |       |       |    23 |       ||    23
Dodge: Dodged            |   115 |    25 |   281 |   578 ||   999
